 Dungeon Crawl Stone Soup version 0.17-a0-1596-g1e86911 (webtiles) character file.

276 karlkraus the Covered (level 6, 0/53 HPs)
             Began as a Minotaur Fighter on July 31, 2015.
             Slain by an adder (1 damage)
             ... in a sewer.
             The game lasted 00:04:32 (2242 turns).

karlkraus the Covered (Minotaur Fighter)            Turns: 2242, Time: 00:04:34

Health: 0/53       AC:  7    Str: 27    XL:     6   Next: 4%
Magic:  5/5        EV: 10    Int:  5    God:
Gold:   145        SH: 10    Dex: 10    Spells: 0 memorised, 5 levels left

rFire  . . .     SeeInvis .     a - +0 flail
rCold  . . .     Clarity  .     l - +0 ring mail {rPois}
rNeg   . . .     SustAt   .     c - +0 shield
rPois  +         Gourm    .     (helmet restricted)
rElec  .         Spirit   .     (no cloak)
rCorr  .         Warding  .     j - +0 pair of gloves
rMut   .         Stasis   .     (no boots)
MR     .....                    (no amulet)
Stlth  ..........               (no ring)
                                (no ring)

@: mighty, not resistant to hostile enchantments, extremely unstealthy
A: retaliatory headbutt, horns 2
a: no special abilities


You were in a sewer.
You were not hungry.

You visited 1 branch of the dungeon, and saw 3 of its levels.
You also visited: Sewer.

You collected 145 gold pieces.

Inventory:

Hand weapons
 a - a +0 flail (weapon)
Armour
 c - a +0 shield (worn)
 j - a +0 pair of gloves (worn)
 l - a +0 ring mail of poison resistance (worn)
Jewellery
 b - an uncursed ring of flight {unknown}
Scrolls
 i - a scroll of recharging {unknown}
 m - 2 scrolls of remove curse
 n - 3 scrolls of magic mapping {unknown}
 o - a scroll of fog {unknown}
Potions
 d - 4 potions of might
 f - 2 potions of heal wounds {unknown}
 q - a potion of haste {unknown}
Books
 g - a book of Beasts

   Spells                             Type                      Level
   a - Summon Butterflies             Summoning                    1
   b - Call Canine Familiar           Summoning                    3
   c - Summon Ice Beast               Ice/Summoning                4
   d - Summon Mana Viper              Hexes/Summoning              5
   e - Summon Hydra                   Summoning                    7
Comestibles
 e - 2 bread rations
 h - 4 fruits
 k - 2 meat rations
 p - 2 chunks of flesh


   Skills:
 + Level 4.5 Fighting
 + Level 3.9 Maces & Flails
 + Level 5.1 Armour
 + Level 2.7 Dodging
 + Level 5.0 Shields


You had 5 spell levels left.
You didn't know any spells.

Dungeon Overview and Level Annotations

Branches:
Dungeon (3/15)

Altars:
Ashenzari
Gozag


Innate Abilities, Weirdness & Mutations

You reflexively headbutt those who attack you in melee.
You have a pair of horns on your head.


Message History

* * * LOW HITPOINT WARNING * * *
You block the giant frog's attack. The giant frog hits you.
* * * LOW HITPOINT WARNING * * *
The ooze barely misses you. The adder bites you.
* * * LOW HITPOINT WARNING * * *
The giant frog barely misses you.
The giant frog hits you but does no damage.
Your unstable footing causes you to fumble your attack.
The giant frog closely misses you. You furiously retaliate!
You headbutt the giant frog!
You kill the giant frog!
Your Shields skill increases to level 5!
You have reached level 6!
Your experience leads to an increase in your attributes!
Your base attributes are Str 21, Int 5, Dex 10.
Increase (S)trength, (I)ntelligence, or (D)exterity?
You feel stronger. You block the giant frog's attack.
The ooze splashes around in the water.
The adder bites you.
You die...

.....#
+......#
.....##
#......#
......#
#......#
≈≈≈≈..#
#.≈≈.≈.#
≈≈≈≈≈≈#
#≈≈≈≈≈≈#
≈≈≈≈≈≈#
#≈≈≈≈≈≈#
≈≈≈≈≈≈#
#≈≈≈≈≈≈#
≈≈≈≈≈≈#
#≈≈FJ≈≈#
≈≈≈≈≈≈#
#≈≈@S≈≈#
≈≈≈≈≈≈#
#≈≈≈≈≈≈#
≈≈≈≈≈≈#
#≈≈≈≈≈≈#
≈≈≈≈≈≈#
#≈≈≈≈≈≈#
≈....≈#
#≈≈≈≈≈≈#
...)≈.#
#≈≈≈≈≈≈#
≈≈†.≈≈#
#≈≈≈≈≈≈#
≈≈≈≈≈≈#
#≈≈≈≈≈≈#
≈≈≈≈≈≈#
#≈≈≈≈≈≈#


You could see a giant frog, an ooze and an adder.

Vanquished Creatures
  A giant frog (Sewer)
  10 adders
  4 river rats (Sewer)
  An ooze (D:3)
  12 ball pythons
  10 goblins
  5 hobgoblins
  A quokka (D:2)
  5 bats
  6 giant cockroaches
  4 giant geckos (D:3)
  5 giant newts
  9 kobolds
  29 rats
102 creatures vanquished.

Notes
Turn   | Place    | Note
--------------------------------------------------------------
     0 | D:1      | karlkraus the Minotaur Fighter began the quest for the Orb.
     0 | D:1      | Reached XP level 1. HP: 19/19 MP: 0/0
   312 | D:1      | Reached XP level 2. HP: 27/27 MP: 1/1
   400 | D:1      | Reached skill level 4 in Fighting
   976 | D:2      | Reached XP level 3. HP: 33/33 MP: 2/2
  1351 | D:2      | Reached skill level 1 in Dodging
  1351 | D:2      | Reached XP level 4. HP: 31/40 MP: 3/3
  1602 | D:3      | Found a shattered altar of Ashenzari.
  1686 | D:3      | Found an opulent altar of Gozag.
  1727 | D:3      | Found a glowing drain.
  1749 | Sewer    | Entered a sewer
  1877 | Sewer    | Reached XP level 5. HP: 20/47 MP: 4/4
  2142 | Sewer    | Reached skill level 5 in Armour
  2231 | Sewer    | Noticed a giant frog
  2231 | Sewer    | Noticed a giant frog
  2241 | Sewer    | HP: 1/47 [adder (4)]
  2242 | Sewer    | Killed a giant frog
  2242 | Sewer    | Reached skill level 5 in Shields
  2242 | Sewer    | Reached XP level 6. HP: 1/53 MP: 5/5
  2242 | Sewer    | Slain by an adder

Vault maps used:
D:1:      lemuel_arrival_hallway
D:2:      first_bread
D:3:      overflow_temple_1_default, old_standard_altar,
          nicolae_overflow_hidden_temple, gup_sewer_entry_pipe,
          nicolae_ashenzari_panopticon
Sewer:    sewer_minmay_w

Action                   |  1- 3 |  4- 6 || total
-------------------------+-------+-------++-------
Melee: Flail             |    94 |   144 ||   238
  Use: Scroll            |     1 |       ||     1
       Potion            |       |     1 ||     1
  Eat: Chunk             |     1 |     4 ||     5
